 Dungeon Crawl Stone Soup version 0.17.1-1-g73c8601 (console) character file.

228 Kloppie the Insei (level 6, -6/34 HPs)
             Began as a Vine Stalker Monk on Dec 28, 2015.
             Shot with a poisoned arrow by a centaur (14 damage)
             ... on level 5 of the Dungeon.
             The game lasted 00:05:21 (2724 turns).

Kloppie the Insei (Vine Stalker Monk)               Turns: 2724, Time: 00:05:21

Health: -6/34      AC:  3    Str: 14      XL:     6   Next: 2%
Magic:  0/7        EV: 13    Int:  9 (10) God:
Gold:   165        SH:  0    Dex: 18      Spells: 0 memorised, 5 levels left

rFire  . . .     SeeInvis .       - Unarmed
rCold  . . .     Clarity  .     l - +0 robe (curse)
rNeg   . . .     SustAt   .     (no shield)
rPois  .         Gourm    .     (no helmet)
rElec  .         Spirit   +     (no cloak)
rCorr  .         Warding  .     x - +0 pair of gloves
rMut   .         Stasis   .     (no boots)
MR     .....                    (no amulet)
Stlth  ++........               (no ring)
                                (no ring)

@: lethally poisoned (-6 -> -11), not resistant to hostile enchantments,
unstealthy
A: fangs 2, regeneration 2, magic shield, antimagic bite, no device heal 3, rot
immunity
a: no special abilities


You were on level 5 of the Dungeon.
You were very hungry.

You visited 1 branch of the dungeon, and saw 5 of its levels.

You collected 165 gold pieces.

Inventory:

Armour
 a - a +0 shield
 l - a cursed +0 robe (worn)
 q - a +0 ring mail
 x - a +0 pair of gloves (worn)
Scrolls
 c - a scroll of recharging {unknown}
 d - a scroll of enchant armour {unknown}
 e - 2 scrolls of blinking {unknown}
 g - a scroll of fear {unknown}
 h - 2 scrolls of teleportation {unknown}
 i - 6 scrolls of identify {unknown}
 j - 2 scrolls of immolation {unknown}
 s - a scroll of magic mapping {unknown}
 w - a scroll of fog {unknown}
Potions
 k - a potion of cancellation {unknown}
 n - a potion of flight {unknown}
 p - 2 potions of heal wounds {unknown}
 r - a potion of might {unknown}
 t - 2 potions of lignification {unknown}
 u - a potion of resistance {unknown}
 v - a potion of ambrosia {unknown}
Comestibles
 b - 3 bread rations
 f - 5 meat rations
 m - 3 fruits
 o - a beef jerky


   Skills:
 + Level 4.5 Fighting
 - Level 2.4 Dodging
 - Level 2.4 Stealth
 + Level 5.7 Unarmed Combat


You had 5 spell levels left.
You didn't know any spells.

Dungeon Overview and Level Annotations

Branches:
Dungeon (5/15)
 Temple: D:4-7

Altars:
Elyvilon

Annotations:
D:4 Zex's ghost, novice MiFi
D:5 Blork the orc


Innate Abilities, Weirdness & Mutations

You have extremely sharp teeth.
You heal very quickly.
When hurt, damage is shared between your health and your magic reserves.
Your bite disrupts and absorbs the magic of your enemies.
Potions and wands cannot restore your health.
You are immune to rotting.


Message History

You hit Blork the orc but do no damage. You bite Blork the orc.
Blork the orc's magic leaks into the air.
You drain his magic.
You feel invigorated.
Blork the orc is moderately wounded.
You feel sick. The adder bites you but does no damage.
Blork the orc falters for a moment.
You punch Blork the orc!
Blork the orc is heavily wounded.
You feel sick.
The centaur shoots a poisoned arrow.
The poisoned arrow closely misses you. The adder misses you.
You hear a shout!
You feel sick. Blork the orc casts a spell at you. The magic dart hits you!
* * * LOW HITPOINT WARNING * * *
You punch the adder!
The adder is almost dead.
You feel sick. The adder bites you but does no damage.
The centaur shoots a poisoned arrow.
The poisoned arrow hits you!
You die...

## .# #.### .....
###..#
####....####
#..@........
#c##S#.####
.######.#(......#
.%c....c....###.#
###...<...##
#.##.##.# #
#.##.# #.##.#
#.##.#


You could see a centaur and an adder.

Vanquished Creatures
  A hound (D:3)
  An orc wizard (D:3)
  An iguana (D:2)
  5 adders
  An ooze (D:1)
  3 worms
  2 giant geckos (D:3)
  5 orcs (D:3)
  2 giant cockroaches
  9 hobgoblins
  7 jackals (D:1)
  13 kobolds
  3 quokkas
  2 ball pythons
  10 bats
  4 giant newts
  9 goblins
  A jackal skeleton (D:4)
  5 rats
84 creatures vanquished.

Notes
Turn   | Place    | Note
--------------------------------------------------------------
     0 | D:1      | Kloppie the Vine Stalker Monk began the quest for the Orb.
     0 | D:1      | Reached XP level 1. HP: 11/11 MP: 2/2
   291 | D:1      | Reached XP level 2. HP: 14/16 MP: 3/3
   508 | D:1      | Reached XP level 3. HP: 20/20 MP: 4/4
   659 | D:1      | HP: 1/20 [poisoned by a kobold]
   665 | D:1      | HP: 1/20 [poisoned by a kobold]
   673 | D:1      | HP: 1/20 [poisoned by a kobold]
  1091 | D:2      | Found a white marble altar of Elyvilon.
  1378 | D:2      | Reached XP level 4. HP: 21/25 MP: 5/5
  1847 | D:2      | Reached skill level 5 in Unarmed Combat
  1943 | D:3      | Reached XP level 5. HP: 8/29 MP: 4/6
  2534 | D:4      | Noticed an ogre
  2550 | D:4      | Noticed Zex's ghost (novice MiFi)
  2558 | D:4      | Noticed an ogre
  2564 | D:3      | Gained mutation: You heal very quickly. [Vine Stalker growth]
  2564 | D:3      | Reached XP level 6. HP: 12/34 MP: 7/7
  2714 | D:5      | Entered Level 5 of the Dungeon
  2714 | D:5      | Noticed Blork the orc
  2724 | D:5      | Shot with a poisoned arrow by a centaur

Action                   |  1- 3 |  4- 6 || total
-------------------------+-------+-------++-------
Melee: Unarmed           |   124 |   130 ||   254
  Use: Potion            |     2 |       ||     2
 Stab: Sleeping          |     2 |     4 ||     6
       Distracted        |       |     1 ||     1
  Eat: Chunk             |     1 |     4 ||     5
